AoeStats
← Jean Veljean

Arabia

510853180Analyzed
1v1 RM · 10h ago on Oct 2, 2026· 36m 14s· 2 players
Game mode
Random Map
Map size
Tiny (2 player)
Population
200
Speed
Normal
Resources
Standard
Victory
Conquest
Starting age
Dark Age
Ending age
Imperial Age
RankedLock teamsTeams togetherTeam positionsShared explorationLock speedFull tech treeHidden civsTurbo modeCheats
Victory
Defeat
🇮🇳 Malay · India
1034
+17
🇹🇷 Bulgarians · Türkiye
1066
-17
lodhaaashish
5:13 Loom
10:39 Feudal Age
11:08 Horse Collar
11:41 Man-at-Arms
13:28 Double-Bit Axe
20:36 Arson
22:55 Castle Age
21:27 Fletching
22:43 Squires
24:01 Bow Saw
23:36 Long Swordsman
23:43 Pikeman
27:35 Wheelbarrow
29:22 Bow Saw
29:17 Heavy Plow
29:10 Elite Skirmisher
29:47 Bodkin Arrow
30:08 Forging
32:05 Town Watch
34:12 Thumb Ring
37:08 Imperial Age
35:08 Padded Archer Armor
35:47 Ballistics
36:31 Masonry
36:57 Leather Archer Armor
37:03 Hand Cart
36:58 Siege Engineers
Jean Veljean
7:09 Loom
10:02 Feudal Age
16:40 Double-Bit Axe
19:41 Gold Mining
22:33 Horse Collar
25:30 Castle Age
23:40 Fletching
23:55 Scale Barding Armor
23:43 Gold Mining
29:09 Chain Barding Armor
Connection lost

Rejoining the realm…

Still unreachable

The connection could not be restored.

Session expired

The server has moved on; the page needs a fresh start.